 Dungeon Crawl Stone Soup version 0.26-a0-682-g294304f6e8 (webtiles) character file.

Game seed: 10061711636628134608

77 dolemite99 the Ruffian (level 4, 0/39 HPs)
             Began as a Troll Enchanter on Oct 21, 2020.
             Killed from afar by Sigmund (5 damage)
             ... with a puff of flame
             ... on level 2 of the Dungeon.
             The game lasted 00:02:32 (1250 turns).

dolemite99 the Ruffian (Troll Enchanter)            Turns: 1250, Time: 00:02:34

Health: 0/39       AC:  7    Str: 17    XL:     4   Next: 14%
Magic:  4/4        EV: 10    Int: 11    God:
Gold:   52         SH:  0    Dex: 10    Spells: 4/5 levels left

rFire    . . .     SeeInvis .     - Unarmed
rCold    . . .     Faith    .   (no shield)
rNeg     . . .     Spirit   .   b - +0 robe
rPois    .         Reflect  .   (helmet restricted)
rElec    .         Harm     .   h - +0 cloak
rCorr    .         Rampage  .   (gloves unavailable)
MR       .....                  (boots unavailable)
Stlth    ++........             (no amulet)
HPRegen  0.53/turn              (no ring)
MPRegen  0.09/turn              (no ring)

@: hasted, very quick
A: large, unfitting armour, claws 3, regeneration 1, shaggy fur 1, tough skin 3
a: no special abilities


You were on level 2 of the Dungeon.
You visited 1 branch of the dungeon, and saw 2 of its levels.

You collected 52 gold pieces.

Inventory:

Hand Weapons
 a - a +1 dagger
Missiles
 d - 28 arrows
 e - 53 stones (quivered)
Armour
 b - a +0 robe (worn)
 h - a +0 cloak (worn)
Scrolls
 c - 3 scrolls of remove curse {unknown}
 g - a scroll of enchant armour {unknown}
Potions
 f - a potion of haste


   Skills:
 - Level 0.8 Short Blades
 - Level 1.6 Dodging
 - Level 1.6 Stealth
 + Level 3.6 Unarmed Combat
 - Level 1.2 Spellcasting
 - Level 2.0 Hexes


You had 4 spell levels left.
You knew the following spells:

 Your Spells              Type           Power        Failure   Level
a - Corona                Hex            #......      14%         1

Your spell library contained the following spells:

 Spells                   Type           Power        Failure   Level
 Ensorcelled Hibernation  Hex/Ice        #.....       30%         2
 Confusing Touch          Hex            #.......     38%         3
 Tukima's Dance           Hex            #.......     38%         3
 Dazzling Flash           Conj/Hex       #.....       52%         3


Dungeon Overview and Level Annotations

Branches:
Dungeon (2/15)

Altars:

Annotations:
D:2 Sigmund


Innate Abilities, Weirdness & Mutations

You are too large for most types of armour.
You have claws for hands.
Your natural rate of healing is unusually fast.
You are covered in fur. (AC +1)
You have extremely tough skin. (AC +3)


Message History

Sigmund flickers and vanishes!
Deactivating autopickup; reactivate with Ctrl-A.
You scratch something.
You hear some strange, mumbled words.
A magic dart appears from out of thin air!
The magic dart hits you.
You claw something! Something hits you but does no damage.
You closely miss something. You miss something.
Something hits you but does no damage.
You claw something! Something hits you!
You miss something. You closely miss something. Something hits you!
You closely miss something. You claw something. You miss something.
Something hits you!
* * * LOW HITPOINT WARNING * * *
It was a potion of haste.
You feel yourself speed up.
You hear some strange, mumbled words.
A puff of flame appears from out of thin air!
The puff of flame hits you.
You die...

### #.# #≈≈≈
#.# ≈≈≈≈ #.#
. ≈≈≈≈≈ ..#
..
≈≈≈≈≈###.##@#
≈≈≈.........#
#...# #
##{#.##.#
###.@.....#
#......####
###.#..###
#...#..#
#.###..# #.#
#..# #.# #..#
#)# #..#
#.###..#


There were no monsters in sight!

Vanquished Creatures
  Jessica (D:2)
  An adder (D:2)
  An ooze (D:2)
  2 dart slugs
  2 ball pythons
  A giant cockroach (D:1)
  4 goblins
  4 hobgoblins
  2 jackals (D:1)
  4 bats (D:1)
  A frilled lizard (D:1)
  7 kobolds
  6 rats
36 creatures vanquished.

Notes
Turn   | Place    | Note
-------+----------+-------------------------------------------
     0 | D:1      | dolemite99 the Troll Enchanter began the quest for the Orb.
     0 | D:1      | Reached XP level 1. HP: 16/16 MP: 1/1
    59 | D:1      | Reached skill level 1 in Unarmed Combat
   102 | D:1      | Reached XP level 2. HP: 24/24 MP: 2/2
   305 | D:1      | Reached skill level 2 in Unarmed Combat
   764 | D:2      | Reached XP level 3. HP: 27/31 MP: 3/3
   816 | D:2      | Noticed Jessica
   834 | D:2      | Killed Jessica
   834 | D:2      | Reached skill level 3 in Unarmed Combat
  1070 | D:2      | Reached XP level 4. HP: 33/39 MP: 4/4
  1231 | D:2      | Noticed Sigmund
  1250 | D:2      | Killed from afar by Sigmund

Illustrated notes

Levels and vault maps discovered:
D:1:      co_arrival_random_square_maze, layout_loops_ring
D:2:      wander_river, layout_loops_ring, nemelex_xobeh_ov_fountains_minmay,
          uniq_jessica, uniq_sigmund

Skill      XL: |  1  2  3 |
---------------+----------+-----
Unarmed Combat | 1 2 3 |  3.6
Short Blades   | |  0.8
Dodging        | |  1.6
Stealth        | |  1.6
Spellcasting   | |  1.2
Hexes          | |  2.0

Action                   |  1- 3 |  4- 6 || total
-------------------------+-------+-------++-------
Melee: Unarmed           |    98 |    24 ||   122
       Dagger            |     8 |       ||     8
       Punch             |       |     1 ||     1
Throw: Stone             |    15 |       ||    15
  Use: Potion            |       |     1 ||     1
Armor: Robe              |    56 |     8 ||    64
Dodge: Dodged            |    63 |     1 ||    64

Table legend: (Time is in decaauts)
 A = Elapsed time spent in this place.
 B = Non-inter-level travel time spent in this place.
 C = Inter-level travel time spent in this place.
 D = Time resting spent in this place.
 E = Time spent auto-exploring this place.
 F = Levels seen in this place.
 G = Mean time per level.
                   A        B        C        D        E       F      G
               +--------+--------+--------+--------+--------+-----+--------+
         Total |   1244 |   1194 |     50 |    284 |    543 |   2 |  622.0 |
       Dungeon |   1244 |   1194 |     50 |    284 |    543 |   2 |  622.0 |
               +--------+--------+--------+--------+--------+-----+--------+

Top non-repeatable levels by time:
     D:1: 755 daAuts
     D:2: 489 daAuts
